 Dungeon Crawl Stone Soup version 0.28.0 (webtiles) character file.

Game seed: 3176627615119183443

275 browni3141 the Chopper (level 6, -2/84 HPs)
             Began as a Minotaur Berserker on Feb 10, 2022.
             Was a Believer of Trog.
             Slain by a lemure (9 damage)
             ... led by Pikel
             ... on level 4 of the Dungeon.
             The game lasted 00:02:04 (2964 turns).

browni3141 the Chopper (Minotaur Berserker)         Turns: 2964, Time: 00:02:05

Health: -2/84      AC:  2    Str: 24    XL:     6   Next: 3%
Magic:  5/5        EV: 16    Int:  4    God:    Trog [**....]
Gold:   90         SH:  0    Dex:  9    Spells: 5/5 levels left

rFire   . . .      SeeInvis +   j - +0 war axe
rCold   . . .      Faith    .   (no shield)
rNeg    . . .      Spirit   .   b - +0 animal skin
rPois   .          Reflect  .   (helmet restricted)
rElec   .          Harm     .   (no cloak)
rCorr   .          Rampage  .   (no gloves)
Will    .....                   (no boots)
Stlth   ..........              (no amulet)
HPRegen 0.24/turn               g - +4 ring of evasion
MPRegen 0.09/turn               f - ring of see invisible

@: berserking, very quick
A: horns 2, retaliatory headbutt
a: Renounce Religion, Berserk, Trog's Hand


You were on level 4 of the Dungeon.
You worshipped Trog.
Trog was pleased with you.
You visited 1 branch of the dungeon, and saw 5 of its levels.

You collected 90 gold pieces.

Inventory:

Hand Weapons
 a - a +0 hand axe
 j - a +0 war axe (weapon)
Armour
 b - a +0 animal skin (worn)
Jewellery
 f - a ring of see invisible (right hand)
 g - a +4 ring of evasion (left hand)
Scrolls
 d - 2 scrolls of identify {unknown}
 h - a scroll of teleportation {unknown}
 k - a scroll of enchant weapon {unknown}
Potions
 c - a potion of ambrosia {unknown}
 e - a potion of curing {unknown}
 i - a potion of degeneration {unknown}
 l - a potion of invisibility {unknown}


   Skills:
 + Level 5.1 Fighting
 + Level 5.1 Axes
 + Level 4.3 Armour
 + Level 3.9 Dodging


You had 5 spell levels left.
You didn't know any spells.
Your spell library was empty.

Dungeon Overview and Level Annotations

Branches:
Dungeon (5/15)
 Temple: D:4-7

Altars:
Cheibriados
Dithmenos
Gozag
Nemelex Xobeh

Annotations:
D:4 Dowan; Pikel
D:5 2 transporters, AlmostDecent's ghost, novice GrFi


Innate Abilities, Weirdness & Mutations

You have a pair of horns on your head.
You reflexively headbutt those who attack you in melee.


Message History

No target in view!
You start resting.
A hound comes into view.
A hound is nearby!
The hound closely misses you. You furiously retaliate!
You headbutt the hound! You slash the hound!
You kill the hound!
Trog accepts your kill.
You have reached level 6!
There is a stone staircase leading up here.
You start resting.
HP restored.
You can't go down here!
You climb upwards.
Level annotation: Dowan; Pikel Pikel misses you.
The lemure hits you.
Pikel hits you with a +2 whip of electrocution!
You are electrocuted!
The lemure completely misses you.
There is a stone staircase leading down, spattered with blood here.
You hit Pikel.
Pikel is lightly wounded.
You hit the lemure but do no damage. You hit the lemure.
Pikel barely misses you. You furiously retaliate!
You headbutt Pikel, but do no damage. The lemure barely misses you.
The lemure hits you but does no damage.
You slash Pikel!
Pikel is moderately wounded.
You hit the lemure. You barely miss the lemure. The lemure barely misses you.
Pikel hits you with a +2 whip of electrocution!
You are electrocuted!!
* * * LOW HITPOINT WARNING * * *
The lemure closely misses you.
A red film seems to cover your vision as you go berserk!
You feel yourself moving faster!
You feel mighty!
Pikel hits you with a +2 whip of electrocution.
* * * LOW HITPOINT WARNING * * *
The lemure hits you.
* * * LOW HITPOINT WARNING * * *
The lemure hits you!
You die...

##### .. ###. #. # ....
##.########. .....
#.......... .####
#........#
#........##########
.####.K5..............#
.......@5.............#
..##########..........#
###.........##
####5............
#######....#.........##
.!......####.....>...##
<.....ZS# #.........##
..)....5# #######..###
.......KZ ##....


You could see Pikel and 2 lemures.

Vanquished Creatures
  A lemure (D:5)
  A water moccasin zombie (D:3)
  A hound (D:5)
  A centaur skeleton (D:4)
  2 orc wizards (D:2)
  Robin (D:3)
  4 adders
  2 dart slugs (D:1)
  An orc (D:2)
  7 endoplasms
  4 giant cockroaches
  12 goblins
  6 hobgoblins
  2 jackals (D:1)
  2 quokkas
  3 ball pythons
  5 bats
  2 frilled lizards
  2 kobolds
  4 rats
63 creatures vanquished.

Notes
Turn   | Place    | Note
-------+----------+-------------------------------------------
     0 | D:1      | browni3141 the Minotaur Berserker began the quest for the
                  | Orb.
     0 | D:1      | Reached XP level 1. HP: 19/19 MP: 0/0
   125 | D:1      | Reached XP level 2. HP: 27/27 MP: 1/1
   574 | D:1      | Reached ** piety under Trog
   575 | D:1      | Reached XP level 3. HP: 33/33 MP: 2/2
   785 | D:2      | Reached XP level 4. HP: 41/41 MP: 3/3
  1645 | D:3      | Reached XP level 5. HP: 47/47 MP: 4/4
  1715 | D:3      | Found a snail-covered altar of Cheibriados.
  1830 | D:3      | Noticed Robin
  1842 | D:3      | Killed Robin
  2073 | D:3      | Found a shadowy altar of Dithmenos.
  2272 | D:3      | Found a sparkling altar of Nemelex Xobeh.
  2642 | D:4      | Found an opulent altar of Gozag.
  2664 | D:4      | Reached skill level 5 in Fighting
  2664 | D:4      | Reached skill level 5 in Axes
  2744 | D:4      | Noticed a lemure
  2744 | D:4      | Noticed a lemure
  2745 | D:4      | Noticed Pikel
  2745 | D:4      | Noticed a lemure
  2748 | D:4      | Noticed Dowan
  2761 | D:5      | Entered Level 5 of the Dungeon
  2763 | D:5      | Found a transporter.
  2765 | D:5      | Found a transporter.
  2765 | D:5      | Noticed an ogre
  2765 | D:5      | Noticed an ogre
  2765 | D:5      | Noticed AlmostDecent's ghost (novice GrFi)
  2766 | D:5      | Identified the +0 hand axe of Puemner {drain, Dex+2}
  2782 | D:5      | Killed a lemure
  2809 | D:5      | Reached XP level 6. HP: 28/56 MP: 5/5
  2964 | D:4      | Slain by a lemure

Illustrated notes

Levels and vault maps discovered:
D:1:      wheals_arrival_shading, layout_loops_ring
D:2:      layout_loops_ring
D:3:      layout_loops_corners, mainiacjoe_overflow_alcove_4,
          lemuel_crystal_altar, lemuel_tele_altar, uniq_robin
D:4:      layout_rooms, makhleb_blood_cavern_becter,
          mainiacjoe_overflow_concentric_impassable, uniq_pikel, uniq_duvessa
D:5:      gammafunk_wand_slinger, layout_rooms, elyvilon_altar_1,
          gammafunk_temple_overflow_forgotten, gammafunk_ghost_smash,
          uniq_crazy_yiuf_cottage

Skill      XL: |  1  2  3  4  5 |
---------------+----------------+-----
Axes           | 4 5 |  5.1
Fighting       | 4 5 |  5.1
Armour         | 3 4 |  4.3
Dodging        | 3 |  3.9

Action                   |  1- 3 |  4- 6 || total
-------------------------+-------+-------++-------
Melee: Hand axe          |    37 |    25 ||    62
       Headbutt          |     6 |     8 ||    14
       War axe           |       |    40 ||    40
Invok: Berserk           |     1 |     4 ||     5
 Stab: Sleeping          |     2 |       ||     2
Armor: Animal skin       |     6 |    18 ||    24
Dodge: Dodged            |    19 |    63 ||    82
